 Dungeon Crawl Stone Soup version 0.13-a0-2531-g2ad9301 (webtiles) character file.

55 Kae the Chiller (level 2, -2/20 HPs)
             Began as a Ghoul Ice Elementalist on July 26, 2013.
             Slain by a giant gecko (4 damage)
             ... on Level 1 of the Dungeon.
             The game lasted 00:00:59 (437 turns).

Kae the Chiller (Ghoul Ice Elementalist)             Turns: 437, Time: 00:00:59

HP  -2/20        AC  2     Str 11      XL: 2   Next: 25%
MP   0/4         EV 12     Int 10      God:
Gold 44          SH  0     Dex  9      Spells:  1 memorised,  2 levels left

Res.Fire  : . . .   See Invis. : .   (no weapon)
Res.Cold  : + . .   Warding    : .   a - +0 robe
Life Prot.: + + +   Conserve   : .   (no shield)
Res.Poison: +       Res.Corr.  : .   (no helmet)
Res.Elec. : .       Clarity    : .   (no cloak)
Sust.Abil.: . .     Spirit.Shd : .   (no gloves)
Res.Mut.  : .       Stasis     : .   (no boots)
Res.Rott. : +       Flight     : .   (no amulet)
Saprovore : + + +                    (no ring)
                                     (no ring)

@: very slightly contaminated, rotting, not resistant to hostile enchantments,
unstealthy
A: rotting body, claws 1, carnivore 3, cold resistance 1, life protection 3,
poison resistance, saprovore 3, slow healing 1, torment resistance, unbreathing
a: no special abilities


You were on level 1 of the Dungeon.
You were not hungry.

You visited 1 branch of the dungeon, and saw 1 of its levels.

You collected 24 gold pieces.

Inventory:

Armour
 a - a +0 robe (worn)
Comestibles
 d - a honeycomb
Potions
 c - a potion of heal wounds {unknown}
 e - a potion of mutation {unknown}
Books
 b - a book of Frost

   Spells                             Type                      Level
   *Freeze                            Ice                          1
   Throw Frost                        Conjuration/Ice              2
   Ozocubu's Armour                   Charms/Ice                   3
   Throw Icicle                       Conjuration/Ice              4
   Summon Ice Beast                   Ice/Summoning                4
   Condensation Shield                Ice                          4


   Skills:
 - Level 1.7 Dodging
 - Level 2.1 Stealth
 - Level 1.0 Spellcasting
   Level 0.7 Conjurations
 + Level 4.0 Ice Magic


You had 2 spell levels left.
You knew the following spells:

 Your Spells              Type           Power        Failure   Level  Hunger
a - Freeze                Ice            #...         10%         1    ##.....


Dungeon Overview and Level Annotations

Branches:
Dungeon (1/27)

Altars:


Innate Abilities, Weirdness & Mutations

Your body is rotting away.
You have sharp fingernails.
You are carnivorous and can eat meat at any time.
Your flesh is cold resistant.
You are immune to negative energy.
Your system is resistant to poisons.
You thrive on rotten meat.
You heal slowly.
You are immune to unholy pain and torment.
You can survive without breathing.


Message History

Confirm with . or Enter, or press ? or * to list all spells.
Aiming: Freeze
Press: ? - help, Shift-Dir - straight line, f/p - giant gecko
Aim: a giant gecko (moderately wounded)
You miscast Freeze.
You are very lightly contaminated with residual magic.
You hear a crackling sound.
The giant gecko bites you.
* * * LOW HITPOINT WARNING * * *
The giant newt closely misses you.
Casting: Freeze
Confirm with . or Enter, or press ? or * to list all spells.
You don't have enough magic to cast that spell.
The giant gecko misses you.
You barely miss the giant newt. The giant gecko closely misses you.
The giant newt barely misses you.
You hit the giant gecko but do no damage.
The giant gecko is moderately wounded.
The giant gecko bites you.
You die...

....#####.#####.#.# #........#
............................[.
#.##........###.#.######.#####
#........# #.#.# #.# #
#.......(# # #.# #.#
#.......(###.#.######.#####
#..........................
#........###.#.######.#####
#######...@....# #.#
#..ll....######.#####
#..%.................
#..........####.#....
#....................
#.......... ###.#....
#......... #.#.... #........
#.#.... #....... #.#..##


You could see a giant gecko and a giant newt.

Vanquished Creatures
  2 hobgoblins (D:1)
  2 bats (D:1)
  4 giant newts (D:1)
  2 kobolds (D:1)
  2 rats (D:1)
12 creatures vanquished.

Notes
Turn   | Place    | Note
--------------------------------------------------------------
     0 | D:1      | Kae, the Ghoul Ice Elementalist, began the quest for the Orb.
     0 | D:1      | Reached XP level 1. HP: 14/14 MP: 3/3
   315 | D:1      | Reached XP level 2. HP: 5/20 MP: 4/4
   385 | D:1      | Reached skill level 4 in Ice Magic
   437 | D:1      | Slain by a giant gecko

Action                   || total
-------------------------++-------
Melee: Unarmed           ||    25
 Cast: Freeze            ||    16
 Stab: Sleeping          ||     1
